 Dungeon Crawl Stone Soup version 0.17-a0-1636-g3119f2b (webtiles) character file.

204 Jb9000 the Skirmisher (level 5, -5/46 HPs)
             Began as a Draconian Fighter on Aug 6, 2015.
             Was an Initiate of Dithmenos.
             Slain by an iguana (9 damage)
             ... on level 3 of the Dungeon.
             The game lasted 00:07:12 (2508 turns).

Jb9000 the Skirmisher (Draconian Fighter)           Turns: 2508, Time: 00:07:12

Health: -5/46      AC:  7    Str: 18    XL:     5   Next: 52%
Magic:  7/7        EV: 10    Int: 10    God:    Dithmenos [......]
Gold:   94         SH:  9    Dex: 10    Spells: 0 memorised, 7 levels left

rFire  . . .     SeeInvis .     a - +0 war axe
rCold  . . .     Clarity  .     (armour unavailable)
rNeg   . . .     SustAt   .     b - +0 shield
rPois  +         Gourm    .     (helmet restricted)
rElec  .         Spirit   .     p - +0 cloak (curse)
rCorr  .         Warding  .     (no gloves)
rMut   .         Stasis   .     m - +0 pair of boots
MR     .....                    (no amulet)
Stlth  ++........               (no ring)
                                o - ring of poison resistance

@: not resistant to hostile enchantments, unstealthy
A: unfitting armour, cold-blooded, AC +5
a: Renounce Religion


You were on level 3 of the Dungeon.
You worshipped Dithmenos.
Dithmenos was noncommittal.
You were hungry.

You visited 1 branch of the dungeon, and saw 3 of its levels.

You collected 94 gold pieces.

Inventory:

Hand weapons
 a - a +0 war axe (weapon)
 i - a +0 mace
Missiles
 j - 34 arrows
Armour
 b - a +0 shield (worn)
 m - a +0 pair of boots (worn)
 p - a cursed +0 cloak (worn)
Jewellery
 o - a ring of poison resistance (left hand)
Scrolls
 h - 6 scrolls of remove curse {unknown}
 l - a scroll of recharging {unknown}
 q - a scroll of identify {unknown}
 r - 3 scrolls of noise {unknown}
Potions
 c - 2 potions of might
 e - a potion of curing {unknown}
 g - a potion of berserk rage {unknown}
 s - a potion of lignification {unknown}
 t - a potion of magic {unknown}
Comestibles
 d - 2 bread rations
 f - a slice of pizza
 k - 3 meat rations
 n - 3 beef jerkies
 u - 2 chunks of flesh


   Skills:
 + Level 4.0 Fighting
 + Level 2.3 Axes
 + Level 3.2 Dodging
 * Level 2.4 Stealth
 * Level 4.0 Shields
 * Level 1.7 Spellcasting


You had 7 spell levels left.
You didn't know any spells.

Dungeon Overview and Level Annotations

Branches:
Dungeon (3/15)

Altars:
Ashenzari
Dithmenos
Kikubaaqudgha
Okawaru
Vehumet
Yredelemnul


Innate Abilities, Weirdness & Mutations

Your plain brown scales are hard (AC +5).
Your body does not fit into most forms of armour.
You are cold-blooded and may be slowed by cold attacks.


Message History

You hit the iguana but do no damage. The iguana closely misses you.
The iguana closely misses you.
You slash the iguana! You tail-slap the iguana.
The iguana is severely wounded.
The iguana bites you but does no damage.
You hit the iguana.
The iguana is severely wounded.
You block the iguana's attack. The iguana completely misses you.
You hit the iguana.
Your tail-slap misses the iguana.
The iguana is almost dead.
The iguana bites you.
You hit the iguana but do no damage.
You tail-slap the iguana, but do no damage.
The iguana is almost dead.
The iguana bites you! x2
* * * LOW HITPOINT WARNING * * *
You barely miss the iguana.
The iguana is almost dead.
The iguana bites you!
You die...

#..................###.#
#.#............<รท......#
#.#.#..................#
###.#.###.#..............#
#.....# #.#..)...........#
####### ###.##'###.......#
.. #..#.# #.#######
.o.####.#(# #.#
........#@# #.#
........l)###.#
$..$........#
..######..#.# ##.#...
#..##.# ##.# .# .. . #.#


You could see an iguana.

Vanquished Creatures
  An orc priest (D:3)
  Terence (D:2)
  6 adders
  2 oozes
  2 worms (D:3)
  A giant gecko (D:1)
  5 orcs (D:3)
  5 goblins
  13 hobgoblins
  6 jackals
  9 kobolds
  4 quokkas
  8 bats
  3 giant newts (D:1)
  9 rats
75 creatures vanquished.

Notes
Turn   | Place    | Note
--------------------------------------------------------------
     0 | D:1      | Jb9000 the Draconian Fighter began the quest for the Orb.
     0 | D:1      | Reached XP level 1. HP: 19/19 MP: 1/1
   267 | D:1      | Reached XP level 2. HP: 17/26 MP: 3/3
   560 | D:1      | Reached skill level 1 in Stealth
   795 | D:1      | Reached XP level 3. HP: 26/31 MP: 4/4
  1126 | D:1      | Reached skill level 1 in Spellcasting
  1260 | D:2      | Found a shattered altar of Ashenzari.
  1613 | D:2      | Reached XP level 4. HP: 33/38 MP: 5/5
  1817 | D:2      | Noticed Terence
  1847 | D:2      | Killed Terence
  2069 | D:2      | Reached XP level 5. HP: 46/46 MP: 7/7
  2307 | D:3      | Found an iron altar of Okawaru.
  2309 | D:3      | Found a shadowy altar of Dithmenos.
  2309 | D:3      | Found an ancient bone altar of Kikubaaqudgha.
  2309 | D:3      | Found a basalt altar of Yredelemnul.
  2312 | D:3      | Found a radiant altar of Vehumet.
  2315 | D:3      | Became a worshipper of Dithmenos the Shadowed
  2500 | D:3      | Reached skill level 4 in Fighting
  2508 | D:3      | Slain by an iguana

Vault maps used:
D:1:      dpeg_arrival_court, minivault_23
D:2:      forest_paths, lemuel_crystal_altar, st_stairs_9, uniq_terence
D:3:      grunt_temple_overflow_open

Action                   |  1- 3 |  4- 6 || total
-------------------------+-------+-------++-------
Melee: War axe           |   117 |   143 ||   260
 Stab: Sleeping          |       |     2 ||     2
  Eat: Chunk             |     2 |     3 ||     5
